[Event "*** SCC Grand Prix: Titled Tuesday Blitz"]
[Site "Chess.com"]
[Date "2020.07.07"]
[Round "2"]
[White "DonPreuss"]
[Black "Mikasinski"]
[Result "0-1"]
[WhiteElo "2188"]
[BlackElo "2430"]
[TimeControl "180+1"]
[EndTime "10:19:47 PDT"]
[Termination "Mikasinski won on time"]

1. d4 Nf6 2. Nc3 d5 3. e4 dxe4 4. f3 c5 5. d5 exf3 6. Nxf3 e6 7.
Bb5+ Bd7 8. dxe6 fxe6 9. Bf4 Bxb5 10. Qxd8+ Kxd8 11. Nxb5 Na6 12. O-O-O+ Ke8 13. Ng5 h6 14. Nxe6 Kf7 15. Nd8+ Kg8 16. Nxb7 Nb4 17. c3 Nbd5 18. Bd6 a6 19. Bxf8 axb5 20. Bxc5 Rxa2 21. Kb1 Ra6 22.
Bd4 Ne4 23. Nc5 Nxc5 24. Bxc5 Nf4 25. Rd8+ Kh7 26. Rxh8+ Kxh8 27. g3 Ne6 28. Bb4 Ra8 29.
Re1 Ra6 30. Kc2 Kh7 31. Re5 Rb6 32. Bc5 Rc6 33. Bb4 Kg6 34. Kd3 Rb6 35. Rd5 Kf6 36.
Rd6 Rb7 37. b3 Ke5 38. Ra6 Kf5 39. h3 Rd7+ 40. Kc2 Ng5 41. h4 Ne4 42. Rd6 Nxd6 43. Bc5 Kg4 44. Bf2 Nf5 45. h5 Nxg3 46. c4 Nxh5 47.
cxb5 Rb7 48. b6 Nf4 49. Kc3 Nd5+ 50. Kc4 Nxb6+ 51. Kc5 Nc8 52. b4 Ne7 53. b5 h5 54.
b6 h4 55. Bd4 g5 56. Be5 h3 57. Bd6 Nf5 58. Bc7 Rxc7+ 59. bxc7 Ne7 60. Kd6 Nc8+ 61.
Kd7 h2 62. Kxc8 h1=Q 0-1

[Event "*** SCC Grand Prix: Titled Tuesday Blitz"]
[Site "Chess.com"]
[Date "2020.07.07"]
[Round "2"]
[White "Orest_Vovk"]
[Black "XDPS"]
[Result "1/2-1/2"]
[WhiteElo "2505"]
[BlackElo "2715"]
[TimeControl "180+1"]
[EndTime "10:19:51 PDT"]
[Termination "Game drawn - insufficient material"]

1. h4 e5 2. h5 h6 3. Nc3 Nf6 4.
d4 e4 5. d5 c6 6. d6 Qa5 7.
Rh4 Qb4 8. a3 Qxd6 9. Qxd6 Bxd6 10. Nxe4 Be7 11. Nxf6+ Bxf6 12. Re4+ Kd8 13. Nf3 d5 14.
Rf4 Re8 15. e3 Nd7 16. Bd3 Nc5 17. Bf5 Ne6 18. Rg4 Bd7 19. c4 dxc4 20. Rxc4 Kc7 21.
Rb1 Rad8 22. b4 Kb8 23. Bb2 Bxb2 24. Rxb2 Nc7 25. Bxd7 Rxd7 26. Rg4 Ne6 27. Rd2 Rxd2 28. Kxd2 Rd8+ 29. Kc2 Rd5 30. Nd4 Nxd4+ 31. exd4 Rxh5 32. Rxg7 Rf5 33. f3 Kc7 34. Kd3 Rf6 35. Ke4 Kd6 36.
g4 Re6+ 37. Kd3 Rf6 38. Ke4 Ke7 39. Rg8 Re6+ 40. Kd3 Kf6 41. Rh8 Kg7 42. Rb8 Re7 43. Ra8 a6 44. Rd8 Kf6 45. d5 cxd5 46. Rxd5 Kg6 47.
f4 Rc7 48. Rd6+ Kg7 49. g5 hxg5 50. fxg5 Re7 51. Kd4 Re1 52. Rb6 Re7 53. a4 Rc7 54. b5 axb5 55. axb5 Kh7 56. Kd5 Kg7 57. Rd6 Rc1 58.
Rb6 Rg1 59. Rxb7 Rxg5+ 60. Kc6 Rg1 61. b6 Rc1+ 62. Kd7 f5 63. Rc7 Rb1 64. Kc8+ Kg6 65. b7 Kg5 66. b8=Q Rxb8+ 67. Kxb8 f4 68. Rg7+ Kf5 69.
Kc7 f3 70. Kd6 Ke4 71. Rf7 Ke3 72. Rxf3+ Kxf3 1/2-1/2

[Event "*** SCC Grand Prix: Titled Tuesday Blitz"]
[Site "Chess.com"]
[Date "2020.07.07"]
[Round "2"]
[White "karinachess1"]
[Black "Gordima"]
[Result "0-1"]
[WhiteElo "2506"]
[BlackElo "2745"]
[TimeControl "180+1"]
[EndTime "10:19:52 PDT"]
[Termination "Gordima won by resignation"]

1. c4 e6 2. d4 d5 3. Nf3 Nf6 4. Nc3 Bb4 5. Qa4+ Nc6 6. Bd2 O-O 7. e3 dxc4 8. Bxc4 Bd6 9. O-O a6 10. Qc2 b5 11. Be2 Bb7 12. Rad1 Ne7 13. a3 Ng6 14.
Rfe1 Qe7 15. e4 e5 16. Bf1 exd4 17. Nxd4 Qe5 18. Nf3 Qh5 19. h3 Rae8 20. Bc1 Re7 21. Nd4 Nh4 22. Nf5 Nxf5 23. exf5 Rfe8 24. Rxe7 Rxe7 25.
Be3 Ng4 26. Ba7 Nf6 27. Be3 h6 28. Bd4 Qg5 29. Be3 Rxe3 30. fxe3 Qxe3+ 31. Kh1 Qg3 32. Rxd6 Qxh3+ 33. Kg1 Qe3+ 34. Qf2 Qxf2+ 35. Kxf2 cxd6 36.
Bd3 Kf8 37. Ke3 Ke7 38. Kf4 Bxg2 39. a4 b4 40. Na2 a5 41. Nc1 Bc6 42. Kg3 Bxa4 43.
Ne2 Nd7 44. Nd4 Ne5 45. Be4 Kf6 46. Kf4 Bd7 47. Ne2 g5+ 48. fxg6 fxg6 49. Nd4 g5+ 50. Ke3 h5 51. Kd2 Nc4+ 52. Kc2 Ne5 53. b3 g4 54. Ne2 Kg5 55. Kd2 h4 56. Ke3 h3 57.
Ng3 h2 58. Kf2 Be6 59. Kg2 Bxb3 60. Kxh2 a4 61. Ne2 a3 62. Nd4 Bc4 63. Bb1 a2 64. Bxa2 Bxa2 65. Kg3 Bc4 66. Nc2 b3 67. Na3 b2 68.
Nb1 Bd3 69. Nd2 b1=Q 70. Ne4+ Bxe4 0-1

[Event "*** SCC Grand Prix: Titled Tuesday Blitz"]
[Site "Chess.com"]
[Date "2020.07.07"]
[Round "2"]
[White "Siniauski"]
[Black "allvim"]
[Result "1-0"]
[WhiteElo "2460"]
[BlackElo "2261"]
[TimeControl "180+1"]
[EndTime "10:19:52 PDT"]
[Termination "Siniauski won by checkmate"]

1. e4 c5 2. Nf3 d6 3. Bb5+ Bd7 4. Bxd7+ Qxd7 5. O-O Nf6 6. Qe2 Nc6 7. b3 e6 8. Bb2 Be7 9. Rd1 O-O 10. c4 Rfd8 11. d4 cxd4 12. Nxd4 Nxd4 13. Rxd4 Qc7 14. Nd2 Nd7 15. Rd3 Bf6 16. Bxf6 Nxf6 17. Rd1 Rd7 18. Nb1 Rad8 19. Nc3 a6 20. a4 Qb6 21. Qa2 Qc5 22. Qd2 b5 23. cxb5 axb5 24. Nxb5 Nxe4 25. Qe3 Qxe3 26. Rxe3 d5 27. Rc1 Kf8 28. b4 Ra8 29. Ra3 Rb7 30. Rca1 Nd2 31. R3a2 Nc4 32. Kf1 Ke7 33.
Ke2 Nb6 34. Nd4 Nc4 35. b5 Kd6 36. Nb3 e5 37. Kd3 f5 38. f3 Rc8 39. Nd2 e4+ 40. fxe4 fxe4+ 41. Kd4 Ne5 42. Nf1 Rc4+ 43. Ke3 Rc3+ 44.
Kd2 Rd3+ 45. Ke2 Rb3 46. a5 R3xb5 47. a6 Ra7 48. Ne3 Nc6 49. Nf5+ Ke5 50. Ne3 Nd4+ 51. Kf2 Rb6 52. Ra5 Rd6 53. Nc4+ Ke6 54. Nxd6 Kxd6 55.
Rd1 Ke5 56. Ke3 Nb3 57. Raxd5+ Ke6 58. Rd6+ Ke7 59. Rb6 Nc5 60. Rc1 Nd3 61. Rcc6 Rd7 62. Rb7 Kf7 63. Rxd7+ Ke8 64. Rb7 Ne5 65. Rc8# 1-0

[Event "*** SCC Grand Prix: Titled Tuesday Blitz"]
[Site "Chess.com"]
[Date "2020.07.07"]
[Round "2"]
[White "Gahan-MG"]
[Black "praveenb2002"]
[Result "1/2-1/2"]
[WhiteElo "2498"]
[BlackElo "2708"]
[TimeControl "180+1"]
[EndTime "10:19:53 PDT"]
[Termination "Game drawn by agreement"]

1. e4 c6 2. d4 d5 3. e5 Bf5 4. Be3 e6 5. Nd2 Nd7 6. c3 Ne7 7. b4 Nc8 8. g4 Bg6 9. Ne2 a5 10. a3 axb4 11. axb4 Rxa1 12. Qxa1 Be7 13. Nf4 Bg5 14. Qa8 Bxf4 15. Bxf4 Qc7 16. Nb3 b6 17. Ba6 O-O 18. Qb7 Qxb7 19. Bxb7 Ne7 20. Bg5 f6 21. exf6 gxf6 22. Bf4 e5 23. dxe5 fxe5 24. Bg5 Nf6 25. f3 Kg7 26. Kd2 Rb8 27. Ba6 Ra8 28. Ra1 Kf7 29. Bd3 Rxa1 30. Nxa1 e4 31.
fxe4 dxe4 32. Be2 Nfd5 33. Nb3 Ke6 34. Nd4+ Kd6 35. h4 c5 36. bxc5+ bxc5 37. Nc2 Bf7 38. c4 Nb6 39. Kc3 Be6 40. Ne3 Nc6 41. Bh6 Nd4 42. Bf8+ Kc6 43. Bd1 Nd7 44. Bg7 Nf3 45. Bxf3 exf3 46.
Kd3 Kd6 47. Bc3 f2 48. Ke2 Nb6 49. Kxf2 Nxc4 50. Nxc4+ Bxc4 51. g5 Ke6 52. Ke3 Kf7 53. Be5 Kg6 54. Bd6 Kh5 55. Be7 Bf7 56. Kf4 Bg6 57.
Bxc5 Kxh4 58. Be7 Kh3 59. Bf8 Kg2 60. Bh6 Kf1 61. Bg7 Ke2 62. Bh6 Kd1 1/2-1/2

[Event "*** SCC Grand Prix: Titled Tuesday Blitz"]
[Site "Chess.com"]
[Date "2020.07.07"]
[Round "2"]
[White "Antipov_Mikhail_Al"]
[Black "Sjakkerntobi"]
[Result "1-0"]
[WhiteElo "2821"]
[BlackElo "2338"]
[TimeControl "180+1"]
[EndTime "10:19:53 PDT"]
[Termination "Antipov_Mikhail_Al won by checkmate"]

1. e4 e6 2. d4 d5 3. Nc3 Bb4 4. e5 Ne7 5. a3 Bxc3+ 6. bxc3 c5 7. h4 Qc7 8. Nf3 b6 9. Bb5+ Bd7 10. Bd3 Ba4 11.
Rb1 Nbc6 12. h5 cxd4 13. cxd4 h6 14. O-O Nf5 15. Qd2 O-O 16. g4 Nfxd4 17. Nxd4 Nxd4 18.
Qf4 Qc3 19. Bb2 Qxd3 20. Bxd4 Bxc2 21. Rbe1 Rac8 22. Re3 Qh7 23. Rg3 Qe4 24. Qd2 Rc4 25. Bb2 Bd3 26. Qxd3 Qxd3 27. Rxd3 Rfc8 28. Rg3 Rc2 29.
Bd4 R8c4 30. Rd3 a5 31. Rb1 Rc1+ 32. Rxc1 Rxc1+ 33. Kg2 Rb1 34. f4 b5 35. Rc3 b4 36.
axb4 axb4 37. Rc8+ Kh7 38. Rc7 b3 39. Rb7 Rd1 40.
Bf2 Rb1 41. f5 b2 42. Bd4 Rd1 43. Bxb2 Rd2+ 44. Kf3 Rd3+ 45. Kf4 Rd1 46. f6 g5+ 47.
Kg3 Rd3+ 48. Kf2 Kg8 49. Bc1 Rc3 50. Be3 Rc4 51. Rb8+ Kh7 52. Rf8 Rxg4 53. Rxf7+ Kg8 54. Re7 d4 55. Bd2 Rh4 56. Bb4 Rf4+ 57. Kg3 d3 58.
Bc3 Rc4 59. Bd2 Rc2 60. Rg7+ Kh8 61. Be3 Re2 62. Kf3 Re1 63. Rd7 Rf1+ 64. Ke4 Rh1 65. Rd8+ Kh7 66. f7 Rf1 67. f8=Q Rxf8 68. Rxf8 d2 69.
Rd8 g4 70. Rxd2 g3 71. Rg2 Kh8 72. Rxg3 Kh7 73. Rg6 Kh8 74. Rxh6+ Kg7 75. Rxe6 Kf7 76. Rf6+ Kg7 77. h6+ Kg8 78. e6 Kh7 79. e7 Kg8 80.
e8=Q+ Kh7 81. Qg6+ Kh8 82. Qg7# 1-0

[Event "*** SCC Grand Prix: Titled Tuesday Blitz"]
[Site "Chess.com"]
[Date "2020.07.07"]
[Round "2"]
[White "Fighter008"]
[Black "elamier"]
[Result "0-1"]
[WhiteElo "2591"]
[BlackElo "2305"]
[TimeControl "180+1"]
[EndTime "10:19:54 PDT"]
[Termination "elamier won by resignation"]

1. e4 c5 2. Nf3 e6 3. d4 cxd4 4. Nxd4 Nf6 5. Nc3 Nc6 6. Ndb5 Bb4 7. Nd6+ Ke7 8. Nxc8+ Rxc8 9. Bd3 d5 10. exd5 Qxd5 11. O-O Bxc3 12. bxc3 Rhd8 13. Ba3+ Ke8 14. Qe2 Qh5 15. f3 Qa5 16. Bb2 Qb6+ 17. Kh1 Qxb2 18. Rab1 Qxc3 19. Rxb7 Rd7 20. Rb3 Qe5 21. Qf2 Kf8 22.
Re1 Qd4 23. Qg3 Kg8 24. h4 Nh5 25. Qh3 Nf4 26. Qg3 Ne5 27. Re4 Qa1+ 28. Re1 Nh5 29. Qxe5 Qxe5 30. Rxe5 Nf4 31. Rc5 Rcd8 32. Be4 f5 33.
Bb7 Rd2 34. Rb4 Nxg2 35. Rc8 Ne3 36. Rxd8+ Rxd8 37. c4 Rd1+ 38. Kh2 Rc1 39. Ba6 Kf7 40. Kg3 Kf6 41. Rb7 e5 42. Rxa7 f4+ 43. Kf2 Nxc4 44. Rc7 Rc2+ 45. Ke1 Ne3 46. Rxc2 Nxc2+ 47. Kd2 Nb4 48.
Bc4 g5 49. hxg5+ Kxg5 50. a4 h5 51. Kc3 Nc6 52. Bd5 Na7 53. Be6 Kf6 54. Bh3 Ke7 55. Kc4 Kd6 56. Kb4 Kd5 57. Bf5 Kd4 58.
a5 Nc6+ 59. Kb5 Nxa5 60. Kxa5 h4 61. Kb4 e4 62. fxe4 f3 63. Bh3 Kxe4 64. Kc3 Ke3 65. Kc2 Ke2 66. Kc3 f2 67. Kd4 f1=Q 68. Bxf1+ Kxf1 69.
Ke3 Kg2 70. Ke2 h3 0-1

[Event "*** SCC Grand Prix: Titled Tuesday Blitz"]
[Site "Chess.com"]
[Date "2020.07.07"]
[Round "2"]
[White "teacher4chess"]
[Black "Mikhal867"]
[Result "1-0"]
[WhiteElo "2008"]
[BlackElo "2356"]
[TimeControl "180+1"]
[EndTime "10:19:55 PDT"]
[Termination "teacher4chess won on time"]

1. d4 Nf6 2. c4 g6 3. Nc3 Bg7 4. e4 O-O 5. e5 Ne8 6. f4 d6 7. Nf3 Nd7 8. Be3 c5 9. dxc5 dxe5 10. fxe5 Qa5 11. Qa4 Qxa4 12. Nxa4 Nxe5 13. Nxe5 Bxe5 14. O-O-O Bg4 15. Rd5 Bf6 16. h3 Bg7 17. hxg4 Nf6 18.
Rd3 Nxg4 19. Be2 Ne5 20. Rdd1 b6 21. cxb6 axb6 22. b3 Rfb8 23. Kb1 Ra6 24. Bh6 Bf6 25. Bf4 g5 26. Bxe5 Bxe5 27. Nb2 Rba8 28. a4 Ra5 29. Bd3 e6 30. Bxh7+ Kg7 31. Be4 f5 32. Bxa8 Rxa8 33. Rd7+ Kg6 34. Rhh7 f4 35. Rb7 Rd8 36. Rhd7 Rh8 37.
Nd3 Rh1+ 38. Kc2 Bf6 39. Rxb6 Kf5 40. Rb5+ Ke4 41. Nf2+ Ke3 42. Nxh1 Ke2 43. Rd2+ Ke1 44. Rc5 Be7 45. Rc7 Bb4 46. Nf2 Bxd2 47. Nd3+ Ke2 48.
Re7 Be3 49. Rxe6 Kf1 50. c5 Kxg2 51. Rxe3 fxe3 52. Kd1 Kf1 53. c6 e2+ 54. Kd2 g4 55. c7 g3 56. c8=Q g2 57. Qh3 1-0

[Event "*** SCC Grand Prix: Titled Tuesday Blitz"]
[Site "Chess.com"]
[Date "2020.07.07"]
[Round "2"]
[White "David_Paravyan"]
[Black "PavelShkapenko"]
[Result "1/2-1/2"]
[WhiteElo "2979"]
[BlackElo "2602"]
[TimeControl "180+1"]
[EndTime "10:19:57 PDT"]
[Termination "Game drawn - insufficient material"]

1. d4 Nf6 2. Nf3 e6 3. e3 c5 4. Bd3 d5 5. O-O Nc6 6. b3 Bd6 7. dxc5 Bxc5 8. Bb2 O-O 9. c4 Nb4 10. Nc3 Nxd3 11. Qxd3 dxc4 12. Qxc4 Bb6 13. Ba3 Re8 14. Nb5 Qd5 15. Rfd1 Qxc4 16. bxc4 Bd7 17. Nd6 Reb8 18.
Ne5 Be8 19. Rab1 Bc7 20. c5 b6 21. c6 Rd8 22. Rbc1 Nd5 23. e4 Bxd6 24. Bxd6 Rxd6 25.
exd5 Rxd5 26. Rxd5 exd5 27. f4 Kf8 28. Kf2 Ke7 29.
Ke3 Kd6 30. Kd4 f6 31. Nd3 Bxc6 32. Nb4 Bb7 33. Nd3 Rc8 34. Rxc8 Bxc8 35. g3 a5 36. a3 Bf5 37. Nc1 Bc2 38. Na2 b5 39. Nc3 b4 40. axb4 axb4 41. Nxd5 b3 42. Ne3 b2 43. Nc4+ Ke6 44. Nxb2 Kf5 45. Ke3 Kg4 46. Kf2 g5 47. fxg5 fxg5 48. Nc4 Bb3 49. Ne3+ Kh5 50. Kf3 Be6 51. Ke4 Kg6 52. Ke5 Bd7 53. Kd6 Bh3 54. Ke5 h5 55. Kd4 Bc8 56. Ke4 Bb7+ 57. Ke5 Bc8 58.
Nd5 Bb7 59. Ne7+ Kf7 60. Nf5 Kg6 61. Nd6 Bc6 62. Nc8 Bb7 63. Ne7+ Kf7 64. Nf5 Kg6 65. Ne3 Ba8 66. Nc4 h4 67. Ke6 hxg3 68. hxg3 Bb7 69. Ne5+ Kh5 70. Kf5 Bc8+ 71. Kf6 Bh3 72. Kg7 Bc8 73. Kf6 Bh3 74. Nf3 Kg4 75. Nxg5 Kxg3 1/2-1/2

[Event "*** SCC Grand Prix: Titled Tuesday Blitz"]
[Site "Chess.com"]
[Date "2020.07.07"]
[Round "2"]
[White "Stronger1799"]
[Black "fighter2jz"]
[Result "0-1"]
[WhiteElo "2520"]
[BlackElo "2791"]
[TimeControl "180+1"]
[EndTime "10:19:58 PDT"]
[Termination "fighter2jz won on time"]

1. e4 c5 2. Nf3 d6 3. d4 cxd4 4. Nxd4 Nf6 5. Nc3 a6 6. f3 e5 7. Nb3 Be6 8. Be3 h5 9. Qd2 Nbd7 10. O-O-O Rc8 11. Kb1 Be7 12. Nd5 Nxd5 13. exd5 Bf5 14.
Bd3 Bxd3 15. Qxd3 O-O 16. g4 h4 17. Nd2 Bg5 18. Bxg5 Qxg5 19. Ne4 Qe7 20. g5 Nc5 21. Nxc5 Rxc5 22. Rhg1 Rfc8 23. c3 Rc4 24. g6 Rf4 25. Rg4 Rxg4 26. fxg4 Rf8 27. Rf1 fxg6 28. Rxf8+ Qxf8 29.
Qxg6 Qf6 30. Qxf6 gxf6 31. Kc2 Kg7 32. Kd3 Kg6 33. Ke4 h3 34. Kf3 f5 35. Kg3 e4 36.
gxf5+ Kxf5 37. Kxh3 Kf4 38. Kg2 Ke3 39. h4 Kd2 40. h5 e3 41. h6 e2 42. h7 e1=Q 43. h8=Q Qe4+ 44. Kg3 Qxd5 45. Kf4 Kc1 46. b4 Qxa2 47.
Ke3 Qd2+ 48. Ke4 Kc2 49. Kf5 Qd3+ 50. Kg5 Qd2+ 51. Kg6 Qxc3 52. Qb8 Qd3+ 53. Kf6 Qd4+ 54. Ke6 Qxb4 55. Kd7 Qb5+ 56. Ke6 d5 57. Ke5 Qe2+ 58. Kd4 Qc4+ 59. Ke3 Qe4+ 60. Kf2 d4 61. Qc7+ Kd1 62. Qb6 Qe3+ 63. Kf1 Qd3+ 64. Kf2 Qc2+ 65. Kf3 Qe2+ 66. Kf4 Qe3+ 67. Kf5 Qf3+ 68. Ke5 d3 69. Qb1+ Ke2 70. Qb2+ Kf1 71. Qc1+ Kf2 0-1

[Event "*** SCC Grand Prix: Titled Tuesday Blitz"]
[Site "Chess.com"]
[Date "2020.07.07"]
[Round "2"]
[White "The_Machine04"]
[Black "Nafania1"]
[Result "1-0"]
[WhiteElo "2287"]
[BlackElo "2448"]
[TimeControl "180+1"]
[EndTime "10:19:58 PDT"]
[Termination "The_Machine04 won by resignation"]

1. d4 Nf6 2. Bg5 c5 3. Bxf6 gxf6 4. d5 d6 5. c4 f5 6. Nc3 Bg7 7. Qc2 Qa5 8. Rc1 a6 9. e3 e5 10.
Bd3 e4 11. Be2 Nd7 12. Nh3 Ne5 13. Nf4 Rg8 14. O-O Bd7 15. a4 O-O-O 16. Rb1 Bh8 17. Rfc1 Rde8 18. b3 Rg5 19. Na2 Nf3+ 20. Kh1 Nh4 21. g3 Nf3 22. Kg2 Reg8 23. Bxf3 exf3+ 24. Kxf3 h5 25. h4 Rg4 26. Re1 Be5 27. Nc1 Rh8 28.
Ncd3 Kb8 29. Kg2 Qd8 30. Kh3 Rhg8 31. Rh1 Rh8 32. Kg2 Qf6 33. Kf1 Re8 34. Ke2 Qg7 35. Kd2 Qh8 36. Rbg1 a5 37. Re1 b6 38. Rhg1 Qh7 39. Re2 Reg8 40. Ne1 Qh6 41. Nf3 Qh7 42. Rge1 f6 43. Ne6 Bxe6 44. dxe6 Qb7 45. Qxf5 Ka7 46. Nxe5 fxe5 47. Kc1 R8g7 48. Qc2 Qf3 49. Qd2 Re7 50. Qd5 Qxd5 51. cxd5 Kb7 52. Kc2 Kc7 53. e4 Re8 54. Kd3 Kd8 55. Ke3 Reg8 56. Rg1 Ke7 57. Rg2 Kf6 58. Re1 R8g7 59. Reg1 Rg8 60. f3 R4g6 61.
g4 hxg4 62. Rxg4 Rxg4 63. Rxg4 Rxg4 64. fxg4 Ke7 65. g5 b5 66. axb5 c4 67. bxc4 a4 68.
Kd3 a3 69. Kc2 a2 70. Kb2 1-0

[Event "*** SCC Grand Prix: Titled Tuesday Blitz"]
[Site "Chess.com"]
[Date "2020.07.07"]
[Round "2"]
[White "Ural_bogatyr"]
[Black "Sven_Tica"]
[Result "1/2-1/2"]
[WhiteElo "2346"]
[BlackElo "2639"]
[TimeControl "180+1"]
[EndTime "10:19:59 PDT"]
[Termination "Game drawn - insufficient material"]

1. e4 c5 2. Nf3 Nf6 3. e5 Nd5 4. d4 cxd4 5. Qxd4 e6 6. c3 Nc6 7.
Qe4 d6 8. Bb5 Bd7 9. c4 Nc7 10.
Bg5 Qc8 11. exd6 Bxd6 12. O-O a6 13. Ba4 h6 14. Be3 O-O 15. Rd1 Ne8 16. Nc3 Nf6 17. Qh4 Be7 18. Qg3 Kh8 19. Bc2 Nb4 20. Bb3 a5 21. a3 a4 22. axb4 axb3 23. Rxa8 Qxa8 24. Ne5 Rd8 25. Nxf7+ Kh7 26. Nxd8 Bxd8 27. Bd4 Be8 28. Be5 Bg6 29. h4 Bc2 30. Re1 Be7 31. c5 Qd8 32. Bd6 Nh5 33. Qe5 Bf6 34. Qxe6 Bxc3 35. bxc3 b2 36.
Qa2 b1=Q 37. Rxb1 Bxb1 38. Qxb1+ Kh8 39. Qe4 Nf6 40. Qe7 Qa8 41. Qf8+ Qxf8 42. Bxf8 Nd5 43. Bd6 Nxc3 44. Kf1 Kg8 45. Ke1 Kf7 46. Kd2 Ne4+ 47. Ke3 Nc3 48. Kd4 Nd1 49. f3 Ke6 50. Kc4 Ne3+ 51. Kb5 Nxg2 52. Kb6 Nxh4 53. Kxb7 Nxf3 54. c6 Nd4 55. c7 Nb5 56. c8=Q+ Kxd6 57. Qf8+ Kd5 58.
Qxg7 Nd6+ 59. Kb8 Nf5 60. Qf7+ Ke5 61. b5 Nd6 62. Qe7+ Kd5 63. b6 h5 64. Qd7 h4 65.
b7 Kc5 66. Qh3 Nxb7 67. Qh1 Nd6 68. Qxh4 Nc4 69. Qh1 Nb6 70. Qg1+ Kb5 71. Kb7 Nd5 72. Qb1+ Kc5 73. Qc1+ Kd4 74. Kc8 Ne3 75. Kd7 Nc4 76. Qd1+ Ke4 77. Kc6 Ne5+ 78. Kc7 Nd3 79. Qe1+ Nxe1 1/2-1/2

[Event "*** SCC Grand Prix: Titled Tuesday Blitz"]
[Site "Chess.com"]
[Date "2020.07.07"]
[Round "2"]
[White "FabianoCaruana"]
[Black "Zurability"]
[Result "1-0"]
[WhiteElo "2971"]
[BlackElo "2591"]
[TimeControl "180+1"]
[EndTime "10:20:01 PDT"]
[Termination "FabianoCaruana won on time"]

1. d4 Nf6 2. c4 e6 3. Nf3 b6 4. Bf4 Bb7 5. e3 g6 6. Nc3 Bg7 7. Be2 d6 8. O-O Nbd7 9. h3 O-O 10. Bh2 Qe7 11. Rc1 e5 12. b4 c5 13. bxc5 bxc5 14. d5 Rab8 15. Nd2 Nb6 16. Rb1 Ba6 17. Qc2 Ne8 18.
Rb3 Nc7 19. Rfb1 f5 20. Ra3 e4 21. Bf1 Rfd8 22. Rab3 Qf8 23. a4 Nd7 24. Nb5 Bxb5 25. axb5 Ne5 26. Ra3 Rb7 27. Rba1 Ra8 28. Nb3 a6 29.
Na5 Rb6 30. Nc6 axb5 31. Rxa8 Nxa8 32. Bxe5 Bxe5 33. Nxe5 dxe5 34. cxb5 Nc7 35. Bc4 Qd6 36. Qb3 Kg7 37. Ra7 Kh6 38. g3 Qd8 39. Qa3 Nxb5 40. Bxb5 Rxb5 41. Qa6 Rb6 42. Qc4 Rd6 43. Qxc5 Rxd5 44. Qc6 Rd1+ 45. Kg2 Rd2 46. Ra1 Rb2 47. Rf1 Qd2 48. Qf6 Qd5 49. Qf8+ Kh5 50. Qg7 Rb7 51. Qf6 Kh6 52. h4 Rf7 53. Qg5+ Kg7 54. h5 Qe6 55. h6+ Kg8 56. Rc1 Rf8 57. Rc7 Rc8 58. Re7 Qd6 59. Rg7+ Kh8 60. Rf7 Re8 61.
Qh4 Qe6 62. Ra7 Rc8 63. Re7 Qd6 64. Ra7 Rf8 65. Qh1 Qf6 66. Qc1 g5 67. Qc7 Qxh6 68. Qxe5+ Kg8 69. Qd5+ Kh8 70. Qe5+ Kg8 71. Qc7 Qg6 72. Qe7 f4 73. Rd7 fxe3 74. fxe3 Rf7 75. Qe8+ Kg7 76. Qe5+ Kh6 77. Rd1 1-0

[Event "*** SCC Grand Prix: Titled Tuesday Blitz"]
[Site "Chess.com"]
[Date "2020.07.07"]
[Round "2"]
[White "GothamChess"]
[Black "EvgenyT"]
[Result "1-0"]
[WhiteElo "2580"]
[BlackElo "2872"]
[TimeControl "180+1"]
[EndTime "10:20:01 PDT"]
[Termination "GothamChess won on time"]

1. e4 e5 2. Nc3 Nc6 3. Bc4 Nf6 4.
d3 Na5 5. Bb3 Be7 6. Nf3 Nxb3 7.
axb3 d6 8. h3 O-O 9. O-O a6 10.
d4 Nd7 11. Nd5 Re8 12. dxe5 Nxe5 13. Nxe5 dxe5 14. Qf3 Bf8 15. Rd1 c6 16. Nc3 Qc7 17. Be3 b5 18. Rd3 Be6 19. Rad1 Rad8 20. Qg3 f6 21.
Ne2 Rxd3 22. Rxd3 Rd8 23. Nd4 Bf7 24. Bd2 Kh8 25. Nf5 Rxd3 26. Qxd3 Be6 27. Ne3 Kg8 28. b4 Qd6 29. Qc3 Qd4 30. f3 c5 31.
bxc5 Bxc5 32. Kf2 Qxc3 33. Bxc3 b4 34. Bd2 a5 35. Ke2 Kf7 36. b3 Ke7 37. Nd1 Kd6 38. Be3 Kc6 39. Nb2 Bxe3 40. Kxe3 Kc5 41. Nd3+ Kb5 42.
Nb2 Bd7 43. h4 Kc5 44. Nd3+ Kd6 45. Nb2 Bb5 46. g3 h5 47. f4 Ke6 48. Kf3 g6 49.
Ke3 Kd6 50. Kf3 Kc5 51. Ke3 Kc6 52. Nd3 Kd6 53. fxe5+ fxe5 54. Nf2 Kc5 55. Nh3 Bd7 56. Ng5 Be8 57. Ne6+ Kd6 58. Ng5 Bd7 59. Nf7+ Ke6 60. Nd8+ Ke7 61. Nb7 a4 62. bxa4 Bxa4 63. Kd2 Bc6 64.
Nc5 Kd6 65. Nd3 Bxe4 66. Nxb4 Kc5 67. c3 Bb7 68. Ke3 Kc4 69. Nd3 Kd5 70. c4+ 1-0

[Event "*** SCC Grand Prix: Titled Tuesday Blitz"]
[Site "Chess.com"]
[Date "2020.07.07"]
[Round "2"]
[White "Stormeman100100"]
[Black "ViktoriyaTarasova"]
[Result "1/2-1/2"]
[WhiteElo "2443"]
[BlackElo "2241"]
[TimeControl "180+1"]
[EndTime "10:20:01 PDT"]
[Termination "Game drawn by repetition"]

1. d4 Nf6 2. c4 e6 3. Nf3 b6 4. g3 Ba6 5. b3 d5 6. cxd5 exd5 7. Bg2 Bd6 8. O-O O-O 9. a4 Nbd7 10. a5 Re8 11. Re1 Ne4 12. Qc2 Bb4 13. axb6 Bxe1 14.
Nxe1 axb6 15. Bf4 c5 16. dxc5 bxc5 17. Nc3 Qf6 18. Rxa6 Qxc3 19. Qxc3 Nxc3 20. Rxa8 Rxa8 21. Bd2 Nxe2+ 22. Kf1 Nd4 23. Bxd5 Rb8 24. Bf4 Rb6 25. Bc7 Ra6 26. Nd3 Ra1+ 27. Kg2 Rb1 28. Bd6 Nxb3 29. Bxb3 Rxb3 30. Nxc5 Nxc5 31. Bxc5 f6 32. h4 Kf7 33. Be3 g6 34. Kf3 Ke6 35. Ke4 Rb4+ 36. Kf3 h5 37. Bc5 Rc4 38. Be3 Kf5 39. Ba7 Rc3+ 40. Be3 Rb3 41. Kg2 g5 42. hxg5 fxg5 43. Bc5 h4 44.
gxh4 gxh4 45. Be3 Kg4 46. Bd4 h3+ 47. Kh2 Rf3 48. Be3 Kf5 49. Bd4 Ke4 50. Be3 Kd3 51. Ba7 Ke4 52. Be3 Kf5 53. Ba7 Kg4 54. Be3 Rf7 55.
Bd4 Rd7 56. Be3 Kh4 57. Bf4 Rg7 58. Bg3+ Kg4 59. Bd6 Rg6 60. Bc5 Kh4 61. Be7+ Kg4 62. Bc5 Rf6 63. Be3 Rf5 64. Bd4 Kh4 65. Be3 Rf7 66.
Bd4 Rf5 67. Be3 Rf8 68. Bd4 Rg8 69. Be3 Rg2+ 70. Kh1 Kg4 71. Bd4 Kf3 72. Be3 Ke2 73. Bd4 Kf3 74. Be3 Kg4 75. Bd4 Kf3 1/2-1/2

[Event "*** SCC Grand Prix: Titled Tuesday Blitz"]
[Site "Chess.com"]
[Date "2020.07.07"]
[Round "2"]
[White "GEKKESPONS"]
[Black "Onischuk_V"]
[Result "0-1"]
[WhiteElo "2558"]
[BlackElo "2879"]
[TimeControl "180+1"]
[EndTime "10:20:02 PDT"]
[Termination "Onischuk_V won on time"]

1. d4 d6 2. Nf3 g6 3. g3 Bg7 4. Bg2 Nf6 5. O-O O-O 6. b3 e5 7. dxe5 dxe5 8. Ba3 Qxd1 9. Rxd1 Re8 10. c4 e4 11. Nd4 c6 12. Nc3 Na6 13. e3 Bg4 14. Rd2 Rad8 15. h3 Bc8 16. Rad1 h5 17. Na4 Rd7 18. Ne2 Rxd2 19. Rxd2 Nd7 20. c5 f5 21. Nf4 Ne5 22. Bb2 Kf7 23. h4 Nb4 24. a3 Nbd3 25. Nxd3 Nxd3 26. Bxg7 Kxg7 27. Bf1 Ne5 28.
Be2 Be6 29. b4 Bc4 30. Kf1 Bd3 31. Nb2 Rd8 32. Bxd3 exd3 33. Kg2 Kf6 34. f4 Ng4 35. Kf3 Ke6 36. Rxd3 Rxd3 37. Nxd3 Kd5 38. Nb2 Nf6 39. a4 a5 40. bxa5 Kxc5 41. Nd3+ Kc4 42. Ne5+ Kb3 43. a6 bxa6 44. a5 c5 45. Ke2 c4 46. Kd2 c3+ 47. Kc1 Ne4 48. Nxg6 Nf2 49. Ne5 Kb4 50. Kc2 Ne4 51.
Nd3+ Kxa5 52. Ne5 Kb4 53. Nf3 Kc4 54. Nd4 Nxg3 55. Kc1 a5 56. Nc2 a4 57. Na3+ Kb4 58.
Nc2+ Kc4 59. Na3+ Kd3 60. Nc2 Nf1 61. Nd4 Nxe3 62. Nc6 a3 63. Nb4+ Ke4 64. Na2 Nd5 65.
Kc2 Kxf4 66. Kd3 Kg3 67. Kd4 f4 68. Kxd5 f3 69. Nxc3 f2 70. Ne4+ Kg2 71. Nxf2 Kxf2 0-1

[Event "*** SCC Grand Prix: Titled Tuesday Blitz"]
[Site "Chess.com"]
[Date "2020.07.07"]
[Round "2"]
[White "OhanyanEminChess"]
[Black "Gareth-Bale11"]
[Result "1/2-1/2"]
[WhiteElo "2521"]
[BlackElo "2753"]
[TimeControl "180+1"]
[EndTime "10:20:04 PDT"]
[Termination "Game drawn by repetition"]

1. e4 e5 2. Nc3 Nf6 3. Bc4 Bb4 4. Nge2 c6 5. O-O O-O 6. d3 d5 7. Bb3 h6 8. a3 Ba5 9. Ba2 Be6 10. Bd2 Nbd7 11. Ng3 Bb6 12. Kh1 Ng4 13. Qe2 Qh4 14. h3 Ngf6 15. Kh2 dxe4 16. Ncxe4 Bxa2 17. Rxa2 Nxe4 18. dxe4 Nf6 19. f3 Nh7 20. Nf5 Qf6 21. Raa1 h5 22.
Rad1 Ng5 23. Bxg5 Qxf5 24. Qd2 Qg6 25. Be3 Rad8 26. Qf2 Bxe3 27. Qxe3 b6 28. Rd3 Rxd3 29. Qxd3 h4 30. Rd1 Re8 31. Qe3 Qg3+ 32. Kh1 Kh7 33. Qe1 Qf4 34. Qd2 Qg3 35. Qd7 Rf8 36. Qxc6 Qf2 37.
Qd7 Qxc2 38. Rg1 Qxb2 39. Qf5+ g6 40. Qf6 Qxa3 41. Qxe5 Qc5 42. Qf6 a5 43. Qxh4+ Kg7 44. Qf4 a4 45. e5 Qc6 46. Qd4 Kg8 47. Re1 Qe6 48. Qxa4 Rc8 49. Qd4 b5 50. Qd6 Qc4 51.
e6 fxe6 52. Qxe6+ Qxe6 53. Rxe6 Rb8 54. Rxg6+ Kf7 55. Rc6 b4 56. Rc2 b3 57. Rb2 Ke6 58. Kh2 Ke5 59. Kg3 Kd4 60. Kf4 Kc3 61.
Rb1 Kc2 62. Rf1 b2 63. g4 Rd8 64. Rf2+ Rd2 65. Rf1 Rd1 66. Rf2+ Rd2 67. Rf1 Rd1 68. Rf2+ Rd2 1/2-1/2